 Dungeon Crawl Stone Soup version 0.18-a0-1788-g92de1ac (webtiles) character file.

35 namelastname112 the Insei (level 3, 0/28 HPs)
             Began as a Draconian Transmuter on Apr 19, 2016.
             Succumbed to an adder's poison
             ... on level 1 of the Dungeon.
             The game lasted 00:01:31 (1307 turns).

namelastname112 the Insei (Draconian Transmuter)    Turns: 1307, Time: 00:01:32

Health: 0/28       AC:  5    Str: 17    XL:     3   Next: 17%
Magic:  3/6        EV: 12    Int: 13    God:
Gold:   28         SH:  0    Dex: 12    Spells: 3 memorised, 0 levels left

rFire  . . .     SeeInvis .       - Unarmed
rCold  . . .     Gourm    .     (armour unavailable)
rNeg   + . .     Faith    .     (no shield)
rPois  +         Spirit   .     (helmet restricted)
rElec  .         Dismiss  .     (no cloak)
rCorr  .         Reflect  .     (no gloves)
SustAt .         Harm     .     (no boots)
MR     .....                    (no amulet)
Stlth  +.........               j - ring of poison resistance
                                i - ring of positive energy

@: mighty, lethally poisoned (0 -> -10), very slightly contaminated, hasted,
very quick, not resistant to hostile enchantments, very unstealthy
A: unfitting armour, cold-blooded, AC +5
a: no special abilities


You were on level 1 of the Dungeon.
You were hungry.

You visited 1 branch of the dungeon, and saw 2 of its levels.

You collected 28 gold pieces.

Inventory:

Missiles
 a - 10 arrows
Jewellery
 i - a ring of positive energy (left hand)
 j - a ring of poison resistance (right hand)
Scrolls
 d - 2 scrolls of immolation {unknown}
 e - 2 scrolls of identify {unknown}
Potions
 h - a potion of might
 k - a potion of heal wounds {unknown}
Books
 b - a book of Changes

   Spells                             Type                      Level
   a - Beastly Appendage              Transmutation                1
   b - Sticks to Snakes               Transmutation                2
   c - Spider Form                    Transmutation/Poison         3
   d - Ice Form                       Ice/Transmutation            4
   e - Blade Hands                    Transmutation                5
Comestibles
 c - a bread ration
 g - a beef jerky
 l - 2 chunks of flesh


   Skills:
 - Level 1.1 Fighting
 - Level 1.7 Dodging
 * Level 4.2 Unarmed Combat
 - Level 2.0 Spellcasting
 + Level 2.2 Transmutations


You couldn't memorise any spells.
You knew the following spells:

 Your Spells              Type           Power        Failure   Level  Hunger
a - Beastly Appendage     Trmt           #.....       12%         1    ##.....
c - Sticks to Snakes      Trmt           #.......     17%         2    ###....
x - Spider Form           Trmt/Pois      #.........   52%         3    ####...


Dungeon Overview and Level Annotations

Branches:
Dungeon (2/15)

Altars:


Innate Abilities, Weirdness & Mutations

Your plain brown scales are hard (AC +5).
Your body does not fit into most forms of armour.
You are cold-blooded and may be slowed by cold attacks.


Message History

You are feeling hungry.
The adder bites you.
* * * LOW HITPOINT WARNING * * *
You are more poisoned.
The adder poisons you! The adder barely misses you.
You climb upwards.
* * * LOW HITPOINT WARNING * * *
You feel sick.
There is a stone staircase leading down here.
You take 4 damage, and have 5/28 hp.
Drink which item? (? for menu, Esc to quit)
It was a potion of haste.
You feel yourself speed up. The adder bites you.
* * * LOW HITPOINT WARNING * * *
You are more poisoned.
The adder poisons you!
You take 4 damage, and have 1/28 hp.
Drink which item? (? for menu, Esc to quit)
It was a potion of might.
You feel very mighty all of a sudden.
You die...

.###.# #.....#...#....# #.#
.#.#.# ###.8...8...8..###.###
.#.#.######...#...#..........#
.........#...###.###.#.###.###
.#.#..........#...#.........#
.#.######...8...8...8..#....#
........#.........[......#..#
.######.##.....S...#...#....#
........รท.......@..#.#.#.##.#
..#.###.##..###.##.#.#.#.##.#
...........).......#.#.#.##.#
###.....###...#........#.##.#
######### #...#.##.#.###.##.##
..### #........#.........#
....## #..##.####.#.#.#####
.....## #........#.#.#.#
......## ##.##.##.#.#.#.#


You could see an adder.

Vanquished Creatures
  A gnoll (D:2)
  A giant gecko (D:1)
  A giant cockroach (D:1)
  5 goblins
  2 hobgoblins
  4 jackals (D:1)
  A kobold (D:1)
  A bat (D:1)
  2 giant newts (D:1)
  5 rats (D:1)
23 creatures vanquished.

Notes
Turn   | Place    | Note
--------------------------------------------------------------
     0 | D:1      | namelastname112 the Draconian Transmuter began the quest for the Orb.
     0 | D:1      | Reached XP level 1. HP: 16/16 MP: 3/3
   238 | D:1      | Reached XP level 2. HP: 23/23 MP: 5/5
   242 | D:1      | Learned a level 2 spell: Sticks to Snakes
  1078 | D:2      | Reached skill level 4 in Unarmed Combat
  1078 | D:2      | Reached XP level 3. HP: 11/28 MP: 2/6
  1211 | D:2      | Learned a level 3 spell: Spider Form
  1306 | D:1      | HP: 1/28 [adder (4)]
  1307 | D:1      | Succumbed to an adder's poison

Vault maps used:
D:1:      dpeg_arrival_snail, minmay_door_square, minmay_crystal_water,
          minivault_24, minmay_misc_feat_four_crosses, minmay_misc_feat_doors
D:2:      minmay_door_path

Skill      XL: |  1  2 |
---------------+-------+-----
Unarmed Combat | 4 |  4.2
Fighting       | |  1.1
Dodging        | |  1.7
Spellcasting   | |  2.0
Transmutations | |  2.2

Action                   || total
-------------------------++-------
Melee: Unarmed           ||    71
       Tailslap          ||     3
       Punch             ||     1
 Cast: Sticks to Snakes  ||     2
  Use: Potion            ||     2
 Stab: Sleeping          ||     3
  Eat: Chunk             ||     1
Armor: Skin              ||    33
Dodge: Dodged            ||    47
